AoeStats
← Gott_Uncle

Nomad

509799661Analyzed
4v4 RM · 5d ago on Sep 28, 2026· 39m 24s· 8 players
Game mode
Random Map
Map size
231×231
Population
200
Speed
Normal
Resources
Standard
Victory
Conquest
Starting age
Dark Age
Ending age
Imperial Age
RankedLock teamsTeams togetherTeam positionsShared explorationLock speedFull tech treeHidden civsTurbo modeCheats
Victory
Defeat
🇨🇴 Italians · Colombia
1376
+15
🇨🇱 Dravidians · Chile
1369
+16
🇨🇱 Danes · Chile
1337
+17
🇨🇱 Malay · Chile
1336
+17
🇧🇴 Persians · Bolivia
1402
-18
🇦🇷 Spanish · Argentina
1364
-16
🇦🇷 Lithuanians · Argentina
1348
-16
🇦🇷 Malians · Argentina
1324
-15
felixaleman1010
6:21 Loom
14:54 Feudal Age
16:56 Double-Bit Axe
19:14 Castle Age
18:37 Forging
18:33 Scale Barding Armor
18:21 Fletching
18:33 Fishing Lines
20:17 Medium Warships
22:05 Bodkin Arrow
22:12 Padded Archer Armor
22:46 Gillnets
25:51 Iron Casting
25:22 Scale Barding Armor
29:53 Scale Barding Armor
35:09 Husbandry
2 Legit 2 Quit
3:01 Loom
13:39 Feudal Age
14:34 Double-Bit Axe
17:50 Castle Age
15:44 Horse Collar
16:42 Forging
16:37 Scale Barding Armor
16:27 Gold Mining
18:05 Bloodlines
19:28 Iron Casting
20:02 Gold Shaft Mining
21:05 Bow Saw
22:38 Heavy Plow
27:00 Chain Barding Armor
28:14 Stone Mining
31:46 Fletching
34:14 Wheelbarrow
36:27 Hand Cart
35:58 Town Watch
37:11 Bodkin Arrow
40:41 Imperial Age
39:43 Husbandry
GG LA LIFE KARIN
13:21 Feudal Age
13:45 Fishing Lines
14:42 Double-Bit Axe
22:23 Castle Age
22:03 Gold Mining
23:27 Medium Warships
23:36 Bow Saw
24:47 Loom
25:22 Town Watch
26:33 Wheelbarrow
26:15 Gillnets
27:19 Horse Collar
33:54 Imperial Age
32:39 Hand Cart
31:49 Crossbowman
32:20 Fletching
33:20 Scale Barding Armor
33:25 Forging
34:24 Chain Barding Armor
35:44 Plate Barding Armor
35:18 Husbandry
35:42 Cavalier
36:58 Bloodlines
37:59 Light Cavalry
40:22 Iron Casting
39:43 Bodkin Arrow
40:27 Gold Shaft Mining
MuyFloji
4:33 Loom
14:12 Feudal Age
20:26 Castle Age
30:43 Fletching
34:35 Wheelbarrow
36:28 Padded Archer Armor
37:09 Double-Bit Axe
37:06 Horse Collar
Ren Majestic
13:24 Feudal Age
14:06 Double-Bit Axe
15:03 Fishing Lines
16:38 Fletching
21:40 Castle Age
22:30 Gillnets
23:17 Loom
24:21 Ballistics
35:08 Wheelbarrow
36:40 Town Watch
36:57 Bodkin Arrow
37:03 Padded Archer Armor
39:12 Gold Mining
40:09 Hand Cart
Gott_Uncle
7:49 Loom
14:09 Feudal Age
14:13 Double-Bit Axe
22:34 Castle Age
22:18 Forging
24:30 Medium Warships
28:09 Town Watch
29:03 Horse Collar
31:42 Iron Casting
36:54 Pikeman
41:35 Imperial Age
Teuto
3:12 Loom
13:26 Feudal Age
19:04 Castle Age
18:02 Fletching
19:37 Town Watch
24:05 Bodkin Arrow
27:27 Double-Bit Axe
29:22 Padded Archer Armor
32:26 Wheelbarrow
32:02 Bow Saw
31:37 Horse Collar
32:21 Heavy Plow
33:25 Ballistics
36:15 Gold Mining
Pichulonko
5:15 Loom
13:22 Feudal Age
17:58 Castle Age
17:34 Double-Bit Axe
18:16 Town Watch
19:34 Wheelbarrow
26:25 Scale Mail Armor
26:37 Forging
34:46 Chain Mail Armor
Connection lost

Rejoining the realm…

Still unreachable

The connection could not be restored.

Session expired

The server has moved on; the page needs a fresh start.